 Dungeon Crawl Stone Soup version 0.32-a0-975-g85d4e5bfdb (webtiles) character file.

Game seed: 11776504442087619840

776 ipx the Cutter (level 7, -10/51 HPs)
             Began as a Demonspawn Hedge Wizard on Apr 18, 2024.
             Was a Believer of Ashenzari.
             Mangled by an ice beast (13 damage)
             ... on level 7 of the Dungeon.
             The game lasted 00:39:23 (2360 turns).

ipx the Cutter (Demonspawn Hedge Wizard)            Turns: 2360, Time: 00:39:23

Health: -10/51     AC:  5    Str: 10    XL:     7   Next: 54%
Magic:  9/13       EV: 11    Int: 16    God:    Ashenzari [**....]
Gold:   182        SH:  0    Dex: 13    Spells: 6/14 levels left

rFire   . . .        f - +1 dagger of Ashenzari's Boredom {pain, Bglg, Melee} (curse)
rCold   . . .        (no shield)
rNeg    . . .        t - +0 steam dragon scales
rPois   .            z - +0 hat "Overhang to Understand" {Cun, Dev} (curse)
rElec   .            (no cloak)
rCorr   .            (no gloves)
SInv    +            (no boots)
Will    +....        (no amulet)
Stlth   ++           m - ring of the Visionary Stars {Will+, Elem, Self} (curse)
HPRegen 0.28/turn    (no ring)
MPRegen 0.13/turn

%: no passive effects
@: slowed, invisible, very slow
A: antennae 2, demonic touch 1
a: Renounce Religion, Shatter the Chains


You were on level 7 of the Dungeon.
You worshipped Ashenzari.
Ashenzari was pleased with you.
You visited 1 branch of the dungeon, and saw 7 of its levels.
You also visited: Sewer.

You collected 182 gold pieces.

Inventory:

Hand Weapons
 f - the cursed +1 dagger of Ashenzari's Boredom (weapon) {pain, Bglg, Melee}
   (You took it off a kobold on level 1 of the Dungeon)

   It has a curse which improves the following skills: Beguiling: Hexes and
   Translocations.
   Melee Combat: Short Blades, Long Blades, Axes, Maces & Flails, Polearms,
   Staves and Unarmed Combat.
Armour
 a - an orb of energy
 t - +0 steam dragon scales (worn)
 z - the cursed +0 hat "Overhang to Understand" (worn) {Cun, Dev}
   (You found it in a sewer)

   It has a curse which improves the following skills: Cunning: Dodging and
   Stealth.
   Devices:   Evocations and Shapeshifting.
Magical Staves
 o - a staff of death
Jewellery
 m - the cursed ring of the Visionary Stars (left hand) {Will+, Elem, Self}
   (You found it on level 3 of the Dungeon)

   [ring of willpower]

   Will+:     It increases your willpower.
   It has a curse which improves the following skills: Elements: Fire Magic, Ice
   Magic, Air Magic and Earth Magic.
   Introspection: Fighting and Spellcasting.
Scrolls
 b - a scroll of enchant weapon
 e - a scroll of torment
 h - 3 scrolls of blinking
 i - a scroll of fear
 j - 3 scrolls of vulnerability
 n - a scroll of revelation
 r - 2 scrolls of teleportation
 s - 2 scrolls of noise
 u - a scroll of immolation
 y - 2 scrolls of amnesia
Potions
 c - a potion of curing
 d - a potion of magic
 g - a potion of enlightenment
 k - a potion of lignification
 l - 2 potions of attraction
 p - 4 potions of invisibility
 v - 2 potions of heal wounds
 w - 2 potions of mutation
 x - a potion of might


   Skills:
 + Level 1.5(2.3) Fighting
 - Level 4.2(5.3) Short Blades
 - Level 1.7(2.6) Dodging
 + Level 2.5(3.4) Stealth
 - Level 3.0(4.0) Spellcasting
 - Level 3.0 Conjurations
 + Level 3.7(4.8) Hexes
 - Level 1.0 Summonings
 - Level 3.0 Necromancy
 - Level 2.2(3.1) Translocations


You had 6 spell levels left.
You knew the following spells:

 Your Spells              Type           Power      Damage    Failure   Level
d - Magic Dart            Conj           48%        1d5       4%          1
j - Jinxbite              Hex            36%        N/A       3%          2
l - Blink                 Tloc           26%        N/A       7%          2
r - Cigotuvi's Dreadful   Necr/Alch/Air  12%        N/A       17%         2
L - Slow                  Hex            72%        N/A       2%          1

Your spell library contained the following spells:

 Spells                   Type           Power      Damage    Failure   Level
 Freeze                   Ice            12%        1d3       16%         1
 Call Imp                 Summ           12%        N/A       17%         2
 Hailstorm                Conj/Ice       8%         3d5       26%         3
 Volatile Blastmotes      Fire/Tloc      16%        2d11      26%         3
 Mephitic Cloud           Conj/Alch/Air  6%         N/A       32%         3
 Frozen Ramparts          Ice            6%         1d1       43%         3
 Vhi's Electric Charge    Tloc/Air       16%        N/A       63%         4
 Ignite Poison            Fire/Alch      3%         N/A       85%         4
 Sticky Flame             Fire/Alch      3%         2d4       85%         4
 Yara's Violent Unravell  Hex/Alch       5%         3d4       86%         5
 Gell's Gavotte           Tloc           6%         2d(14-20) 100%        6
 Enfeeble                 Hex            9%         N/A       100%        7
 Ignition                 Fire           1%         3d3       100%        8


Dungeon Overview and Level Annotations

Branches:
Dungeon (7/15)             Temple (0/1) D:4           Sewer (visited)

Altars:
Ashenzari
Nemelex Xobeh
Sif Muna

Shops:
D:1 :   D:5 :


Innate Abilities, Weirdness & Mutations

You have a pair of antennae on your head.
Your touch may inflict minor irresistible damage on your foes.


Message History

The kobold hits you but does no damage.
You closely miss the kobold. You hit the kobold.
The kobold is moderately wounded.
The kobold hits you but does no damage.
You hit the kobold but do no damage.
The kobold writhes in agony.
The kobold is severely wounded.
The kobold hits you with a +0 short sword.
You hit the kobold.
You kill the kobold!
A kobold brigand and a kobold come into view.
The kobold brigand is wielding a +0 dagger and quivering curare-tipped darts.
Things that are here:
a +0 short sword; a stone An ice beast comes into view.
The kobold shouts!
The kobold brigand throws a curare-tipped dart.
The curare-tipped dart hits you.
You are poisoned.
You have difficulty breathing.
You feel yourself slow down.
Things that are here:
a +0 short sword; a stone You feel very sick.
You feel sick.
You feel sick. The ice beast hits you. The ice beast freezes you!
* * * LOW HITPOINT WARNING * * *
You fade into invisibility!
You feel sick. The ice beast misses you. x2
You closely miss the ice beast.
You feel sick.
You are no longer poisoned.
The ice beast barely misses you.
The kobold brigand throws a curare-tipped dart.
The curare-tipped dart closely misses the kobold.
The curare-tipped dart completely misses the ice beast.
You hit the ice beast but do no damage.
The ice beast writhes in agony.
The ice beast is lightly wounded.
The ice beast hits you.
* * * LOW HITPOINT WARNING * * *
The ice beast freezes you!
You die...

## #..# #.##..#
# #Y#..# #.
#...# #.#
##..####
#..###K#.....#
#...#K.........
#Y###.#.....
#@#...#...##
#.#.### .#.#
#.#.# ..# .
#.#.##..#
#.......#
#.<.##... #.###
#.[. #....


You could see an ice beast (unable to see you), a kobold brigand (unable to see
you) and a kobold (unable to see you).

Vanquished Creatures
  An ice beast (D:6)
  An ogre (D:4)
  A phantom (D:5)
  3 kobold brigands (Sewer)
  2 hounds
  A bombardier beetle (D:6)
  A sleepcap (D:6)
  6 river rats
  8 adders
  A shadow imp (D:6)
  A ribbon worm (D:4)
  An orc (D:3)
  3 bats
  3 endoplasms
  A giant cockroach (D:1)
  4 goblins
  3 hobgoblins
  4 jackals (D:3)
  3 quokkas
  4 ball pythons
  4 frilled lizards
  17 kobolds
  19 rats
92 creatures vanquished.

Notes
Turn   | Place    | Note
-------+----------+-------------------------------------------
     0 | D:1      | ipx the Demonspawn Hedge Wizard began the quest for the
                  | Orb.
     0 | D:1      | Reached XP level 1. HP: 13/13 MP: 4/4
   174 | D:2      | Discovered your monstrous ancestry.
   174 | D:2      | Gained mutation: You have a pair of small antennae on your
                  | head. [demonic ancestry]
   174 | D:2      | Reached XP level 2. HP: 13/19 MP: 0/6
   340 | D:1      | Found Duoly's Book Boutique.
   527 | D:2      | Found a broken altar of Ashenzari.
   533 | D:2      | Became a worshipper of Ashenzari the Shackled
   578 | D:2      | Reached skill level 1 in Short Blades
   654 | D:2      | Reached XP level 3. HP: 24/24 MP: 4/7
   734 | D:3      | Found a broken altar of Ashenzari.
   885 | D:3      | Learned a level 2 spell: Cigotuvi's Dreadful Rot
   968 | D:3      | Learned a level 1 spell: Slow
  1011 | D:4      | Found a sparkling altar of Nemelex Xobeh.
  1050 | D:4      | Reached skill level 1 in Necromancy
  1081 | D:4      | Found a glowing drain.
  1110 | D:4      | Gained mutation: Your touch may inflict minor irresistible
                  | damage on your foes. [demonic ancestry]
  1110 | D:4      | Reached XP level 4. HP: 24/30 MP: 3/8
  1113 | Sewer    | Entered a sewer
  1137 | Sewer    | Learned a level 2 spell: Blink
  1300 | Sewer    | Reached skill level 2 in Short Blades
  1332 | Sewer    | Reached XP level 5. HP: 29/35 MP: 1/9
  1489 | Sewer    | Reached skill level 1 in Hexes
  1590 | Sewer    | Reached skill level 3 in Short Blades
  1590 | Sewer    | Reached XP level 6. HP: 33/41 MP: 10/10
  1656 | D:4      | Found a staircase to the Ecumenical Temple.
  1725 | D:4      | Reached skill level 1 in Translocations
  1725 | D:4      | Reached * piety under Ashenzari
  1741 | D:5      | Entered Level 5 of the Dungeon
  1818 | D:5      | Found Raut's Tiny Tomes.
  1928 | D:5      | Reached skill level 4 in Short Blades
  1928 | D:5      | Gained mutation: You have a pair of antennae on your head.
                  | [demonic ancestry]
  1928 | D:5      | Reached XP level 7. HP: 27/46 MP: 2/11
  2034 | D:5      | Reached ** piety under Ashenzari
  2104 | D:5      | Found a shimmering blue altar of Sif Muna.
  2162 | D:5      | Noticed a two-headed ogre
  2273 | D:6      | Learned a level 2 spell: Jinxbite
  2303 | D:6      | Reached skill level 1 in Fighting
  2360 | D:7      | Mangled by an ice beast

Illustrated notes

Levels and vault maps discovered:
D:1:      sevenhm_arrival_forest_fort_small_4, layout_basic, serial_shops, shop
D:2:      layout_basic, basic_altar, shapermc_ecumenical_altar_mp_ritualfount
D:3:      layout_basic, nicolae_ashenzari_skybound, minmay_misc_feat_nine_boxes,
          minmay_misc_feat_secret_circle
D:4:      layout_basic, nemelex_diamond_rough_becter,
          minmay_temple_entry_offerings, cheibrodos_sewer_entry_sluice,
          dk_noncrumbling_4
D:5:      layout_loops_corners, led_sif_pool, zin_scriptorium,
          minmay_misc_feat_diagonals, hangedman_decor_lopped,
          nicolae_shop_i_like_small_books_too, uniq_grinder
D:6:      layout_gridville, nicolae_tso_carved_into_rock
D:7:      kennysheep_big_flooded_room, layout_loops_ring, okawaru_gym_becter,
          minivault_22, uniq_crazy_yiuf_cottage

Skill      XL: |  1  2  3  4  5  6  7 |
---------------+----------------------+-----
Conjurations   | 2 3 |  3.0
Short Blades   | 1 2 3 4 |  4.2
Necromancy     | 1 2 3 |  3.0
Hexes          | 2 3 |  3.7
Translocations | 2 |  2.2
Stealth        | 2 |  2.5
Fighting       | 1 |  1.5
Dodging        | |  1.7
Spellcasting   | |  3.0
Summonings     | |  1.0

Action                     |  1- 3 |  4- 6 |  7- 9 || total
---------------------------+-------+-------+-------++-------
  Melee: Dagger            |   103 |   133 |    26 ||   262
         Touch             |       |    21 |     9 ||    30
  Throw: Dart              |       |     1 |       ||     1
   Cast: Magic Dart        |    59 |    53 |    22 ||   134
         Cigotuvi's Dreadf |       |       |     3 ||     3
         Jinxbite          |       |       |     2 ||     2
         Blink             |       |       |     1 ||     1
 Invoke: Curse Item        |     1 |     1 |     1 ||     3
    Use: Potion            |       |       |     1 ||     1
   Stab: Sleeping          |       |       |     1 ||     1
 Armour: Robe              |    30 |       |       ||    30
         Steam dragon scal |    22 |    83 |     9 ||   114
  Dodge: Dodged            |    68 |    73 |    11 ||   152

Table legend: (Time is in decaauts)
 A = Elapsed time spent in this place.
 B = Non-inter-level travel time spent in this place.
 C = Inter-level travel time spent in this place.
 D = Time resting spent in this place.
 E = Time spent auto-exploring this place.
 F = Levels seen in this place.
 G = Mean time per level.
                   A        B        C        D        E       F      G
               +--------+--------+--------+--------+--------+-----+--------+
         Total |   2377 |   2377 |      0 |      0 |      0 |   8 |  297.1 |
       Dungeon |   1818 |   1818 |      0 |      0 |      0 |   7 |  259.7 |
         Sewer |    559 |    559 |      0 |      0 |      0 |   1 |  559.0 |
               +--------+--------+--------+--------+--------+-----+--------+

Top non-repeatable levels by time:
   Sewer: 559 daAuts
     D:1: 509 daAuts
     D:5: 429 daAuts
     D:3: 334 daAuts
     D:4: 248 daAuts
     D:2: 162 daAuts
     D:6: 112 daAuts
     D:7: 21 daAuts
